cohdb
Replays
Latest Replays
All Replays
Popular Replays
Top Player Replays
Match Explorer
How It Works
Community
CoH3 Stats
Reddit
Sign in to upload your games and track your stats! →
Sign in with Steam
Practising withoug Battlegroups
Match 12911825
Overview
Messages
Build Orders
End
Construct Section Command Post
Selects Air and Sea Battlegroup
Vickers Machine Gun Team
Dingo Light Scout Car
Infantry Section
Royal Engineer Section
Construct Platoon Command Post
Royal Engineer Section
Selects Commando Section Paradrop
Unlock M3 Stuart Light Tanks
M3 Stuart Light Tank
Commando Section Paradrop
Royal Engineer Section
Commando Section Paradrop
Selects Commando LMG Section Paradrop
Commando LMG Section Paradrop
6-pounder Anti-tank Gun Team
Selects Supply Surplus
Construct Field Infirmary
Selects Centaur Medium Tank
AI Takeover
ℎ ℯ ℛ ℴ™羞涩的信封
Herr Blautier
0
0
Comments
sign in to comment!
No comments posted yet!